TOP OF THE 1ST |
---|
Evans HS Knights batting - Pitching for Fresno HS Red Wings : LHP Bob Novak | Pitching: LHP Bob Novak | | Batting: RHB Ira Martin | 0-0: Ball 1-0: Bunt for hit - play at first, batter safe! | Batting: RHB Dominic Veillette | 0-0: Ball 1-0: Hit by Pitch Ira Martin to second | Batting: SHB Lucas Bentley | 0-0: Called Strike 0-1: Foul Ball, location: 2F 0-2: Foul Ball, location: 2F 0-2: Strikes out swinging | Batting: RHB James Bennett | 0-0: Called Strike 0-1: Foul Ball, location: 2F 0-2: Ball 1-2: Strikes out swinging | Batting: RHB Deron Rolen | 0-0: Ball 1-0: Ball 2-0: Ball 3-0: Base on Balls Ira Martin to third Dominic Veillette to second | Batting: RHB Scott Wells | 0-0: Ball 1-0: Foul Ball, location: 2F 1-1: Swinging Strike 1-2: Ball 2-2: Strikes out looking | Top of the 1st over - 0 runs, 1 hit, 0 errors, 3 left on base; Evans HS 0 - Fresno HS 0 | BOTTOM OF THE 1ST |
---|
Fresno HS Red Wings batting - Pitching for Evans HS Knights : RHP Robert Newton | Pitching: RHP Robert Newton | | Batting: RHB Mike Peterson | 0-0: Bunt for hit - play at first, batter OUT! 1-3 | Batting: RHB Harry Payne | 0-0: Foul Ball, location: 2F 0-1: Ball 1-1: Fly out, F6 (Popup, 15S) | Batting: RHB Thomas English | 0-0: Ball 1-0: Foul Ball, location: 2F 1-1: Ball 2-1: Ball 3-1: Base on Balls | Batting: SHB Xavier Stout | 0-0: Called Strike 0-1: Ball 1-1: Ball 2-1: Called Strike 2-2: Ball 3-2: Foul Ball, location: 2F 3-2: Fly out, F2 (Popup, 25F) | Bottom of the 1st over - 0 runs, 0 hits, 0 errors, 1 left on base; Evans HS 0 - Fresno HS 0 | TOP OF THE 2ND |
---|
Evans HS Knights batting - Pitching for Fresno HS Red Wings : LHP Bob Novak | Batting: RHB Tom Proctor | 0-0: Fly out, F9 (Flyball, 9S) | Batting: RHB Gerald Hayes | 0-0: Ground out 6-3 (Groundball, 6) | Batting: SHB Powell Phillips | 0-0: Called Strike 0-1: Swinging Strike 0-2: Fly out, F6 (Line Drive, 6) | Top of the 2nd over - 0 runs, 0 hits, 0 errors, 0 left on base; Evans HS 0 - Fresno HS 0 | BOTTOM OF THE 2ND |
---|
Fresno HS Red Wings batting - Pitching for Evans HS Knights : RHP Robert Newton | Batting: RHB Bob Howard | 0-0: Ball 1-0: Called Strike 1-1: Foul Ball, location: 2F 1-2: Ball 2-2: Ball 3-2: Foul Ball, location: 2F 3-2: Base on Balls | Batting: RHB José Cómpoz | 0-0: Called Strike 0-1: Ball 1-1: Ball 2-1: Ball 3-1: SINGLE (Groundball, 56D) Bob Howard to second | Batting: RHB Chris Myers | 0-0: Ball 1-0: Ball 2-0: Called Strike 2-1: Ball 3-1: Base on Balls Bob Howard to third José Cómpoz to second | Batting: RHB Luis Mata | 0-0: Ball 1-0: Called Strike 1-1: Ball 2-1: SINGLE (Groundball, 6D) Bob Howard scores José Cómpoz to third Chris Myers to second | Batting: RHB Adrián Velásquez | 0-0: Called Strike 0-1: DOUBLE (Flyball, 8RD) José Cómpoz scores Chris Myers scores Luis Mata to third | Batting: RHB Mike Peterson | 0-0: Ball 1-0: Foul Ball, location: 2F 1-1: SINGLE (Flyball, 8LS) Luis Mata scores Adrián Velásquez to third Runner from 3rd tries for Home, SAFE, throw made home | Batting: RHB Harry Payne | 0-0: Foul Ball, location: 2F 0-1: Hit by Pitch Mike Peterson to second | Batting: RHB Thomas English | 0-0: DOUBLE (Flyball, 89D) Mike Peterson scores Harry Payne to third Runner from 3rd tries for Home, SAFE, throw made at trailing runner, OUT at third! | Batting: SHB Xavier Stout | 0-0: Called Strike 0-1: Called Strike 0-2: Foul Ball, location: 2F 0-2: Ball 1-2: Strikes out swinging | Batting: RHB Bob Howard | 0-0: Ball 1-0: Called Strike 1-1: Foul Ball, location: 2F 1-2: Fly out, F7 (Flyball, 78S) | Bottom of the 2nd over - 7 runs, 5 hits, 0 errors, 0 left on base; Evans HS 0 - Fresno HS 7 | TOP OF THE 3RD |
---|
Evans HS Knights batting - Pitching for Fresno HS Red Wings : LHP Bob Novak | Now at SS: Steven Springer | | Batting: RHB Ira Martin | 0-0: Ball 1-0: SOLO HOME RUN (Flyball, 7LD), Distance : 350 ft | Batting: RHB Dominic Veillette | 0-0: Ball 1-0: SINGLE (Groundball, 4M) (infield hit) | Pinch Runner at 1st Thierry Dufresne: | | Batting: SHB Lucas Bentley | 0-0: 2-RUN HOME RUN (Flyball, 78XD), Distance : 356 ft | Batting: RHB James Bennett | 0-0: Called Strike 0-1: Ball 1-1: Swinging Strike 1-2: SINGLE (Flyball, 78S) | Batting: RHB Deron Rolen | 0-0: Ball 1-0: Ball 2-0: SINGLE (Line Drive, 34) James Bennett to second | Batting: RHB Scott Wells | 0-0: Foul Ball, location: 2F 0-1: Grounds into double play, 6-4-3 (Groundball, 6) James Bennett to third | Batting: RHB Tom Proctor | 0-0: Called Strike 0-1: Foul Ball, location: 2F 0-2: Foul Ball, location: 2F 0-2: Hit by Pitch | Batting: RHB Gerald Hayes | 0-0: Ball 1-0: Foul Ball, location: 2F 1-1: Ball 2-1: Called Strike 2-2: Strikes out looking | Top of the 3rd over - 3 runs, 5 hits, 0 errors, 2 left on base; Evans HS 3 - Fresno HS 7 | BOTTOM OF THE 3RD |
---|
Fresno HS Red Wings batting - Pitching for Evans HS Knights : RHP Robert Newton | Pitching: RHP Cameron Gorringe | | Now in RF: Thierry Dufresne | | Batting: RHB José Cómpoz | 0-0: Ball 1-0: Called Strike 1-1: Ball 2-1: Called Strike 2-2: Strikes out swinging | Batting: RHB Chris Myers | 0-0: Called Strike 0-1: Called Strike 0-2: Foul Ball, location: 2F 0-2: Ball 1-2: Ball 2-2: Ground out 6-3 (Groundball, 6S) | Batting: RHB Luis Mata | 0-0: Ball 1-0: Foul Ball, location: 2F 1-1: Swinging Strike 1-2: Strikes out swinging | Bottom of the 3rd over - 0 runs, 0 hits, 0 errors, 0 left on base; Evans HS 3 - Fresno HS 7 | TOP OF THE 4TH |
---|
Evans HS Knights batting - Pitching for Fresno HS Red Wings : LHP Bob Novak | Batting: SHB Powell Phillips | 0-0: Called Strike 0-1: Foul Ball, location: 2F 0-2: Strikes out swinging | Batting: RHB Ira Martin | 0-0: Foul Ball, location: 2F 0-1: Called Strike 0-2: Strikes out swinging | Batting: LHB Thierry Dufresne | 0-0: Foul Ball, location: 2F 0-1: Ball 1-1: Swinging Strike 1-2: Ball 2-2: Foul Ball, location: 2F 2-2: Ball 3-2: Base on Balls | Batting: SHB Lucas Bentley | 0-0: Called Strike 0-1: Called Strike 0-2: Ball Thierry Dufresne is caught stealing 2nd base | Top of the 4th over - 0 runs, 0 hits, 0 errors, 0 left on base; Evans HS 3 - Fresno HS 7 | BOTTOM OF THE 4TH |
---|
Fresno HS Red Wings batting - Pitching for Evans HS Knights : RHP Cameron Gorringe | Batting: RHB Adrián Velásquez | 0-0: Called Strike 0-1: Ball 1-1: Ball 2-1: Foul Ball, location: 2F 2-2: Strikes out swinging | Batting: RHB Mike Peterson | 0-0: Ball 1-0: Ball 2-0: Ball 3-0: Base on Balls | Batting: RHB Harry Payne | 0-0: Called Strike 0-1: Fly out, F4 (Popup, 3) | Batting: RHB Steven Springer | 0-0: Called Strike 0-1: Ball 1-1: SINGLE (Line Drive, 89S) Mike Peterson to second Runner from 2nd tries for 3rd, SAFE, throw made to third | Batting: SHB Xavier Stout | 0-0: Ball Wild Pitch! Mike Peterson scores Steven Springer to second 1-0: Swinging Strike 1-1: Ball 2-1: Foul Ball, location: 2F 2-2: Strikes out looking | Bottom of the 4th over - 1 run, 1 hit, 0 errors, 1 left on base; Evans HS 3 - Fresno HS 8 | TOP OF THE 5TH |
---|
Evans HS Knights batting - Pitching for Fresno HS Red Wings : LHP Bob Novak | Batting: SHB Lucas Bentley | 0-0: Called Strike 0-1: Swinging Strike 0-2: Ball 1-2: SINGLE (Line Drive, 34D) | Batting: RHB James Bennett | 0-0: Called Strike 0-1: Foul Ball, location: 2F 0-2: Ball 1-2: SINGLE (Flyball, 89S) Lucas Bentley to second Runner from 2nd tries for 3rd, SAFE, throw made to third | Batting: RHB Deron Rolen | 0-0: Ball | |
---|
| | 1-0: Ball Pickoff Throw to First - Out! 2-0: Ball 3-0: Base on Balls | Pitching: RHP Tracy O'Cannahan | | Batting: RHB Scott Wells | 0-0: Called Strike 0-1: Fly out, F9 (Flyball, 9LM) Runner from 3rd tags up, SCORES, throw made | Batting: RHB Tom Proctor | 0-0: Swinging Strike 0-1: SINGLE (Flyball, 8RS) Deron Rolen to second | Batting: RHB Gerald Hayes | 0-0: Ball 1-0: Foul Ball, location: 2F 1-1: Ball 2-1: Foul Ball, location: 2F 2-2: Strikes out swinging | Top of the 5th over - 1 run, 3 hits, 0 errors, 2 left on base; Evans HS 4 - Fresno HS 8 | BOTTOM OF THE 5TH |
---|
Fresno HS Red Wings batting - Pitching for Evans HS Knights : RHP Cameron Gorringe | Batting: RHB Bob Howard | 0-0: Foul Ball, location: 2F 0-1: Foul Ball, location: 2F 0-2: Ball 1-2: Foul Ball, location: 2F 1-2: Foul Ball, location: 2F 1-2: Foul Ball, location: 2F 1-2: Ball 2-2: Ball 3-2: Base on Balls | Pitching: RHP Steve De Los Santos | | Batting: RHB José Cómpoz | 0-0: Swinging Strike 0-1: Ball 1-1: Fly out, F9 (Flyball, 9S) | Batting: RHB Chris Myers | 0-0: Ball 1-0: Ball 2-0: Ball 3-0: Called Strike 3-1: Base on Balls Bob Howard to second | Batting: RHB Luis Mata | 0-0: Ball 1-0: Ball 2-0: Ball 3-0: Base on Balls Bob Howard to third Chris Myers to second | Batting: RHB Adrián Velásquez | 0-0: Fly out, F8 (Flyball, 89M) | Batting: RHB Mike Peterson | 0-0: Ball 1-0: Ball 2-0: Foul Ball, location: 2F 2-1: Ball 3-1: Base on Balls Bob Howard scores Chris Myers to third Luis Mata to second | Batting: RHB Harry Payne | 0-0: Called Strike 0-1: Ball 1-1: Foul Ball, location: 2F 1-2: Foul Ball, location: 2F 1-2: Foul Ball, location: 2F 1-2: Foul Ball, location: 2F 1-2: Fielders Choice at 2nd, 5-4 (Groundball, 5L) | Bottom of the 5th over - 1 run, 0 hits, 0 errors, 3 left on base; Evans HS 4 - Fresno HS 9 | TOP OF THE 6TH |
---|
Evans HS Knights batting - Pitching for Fresno HS Red Wings : RHP Tracy O'Cannahan | Batting: SHB Powell Phillips | 0-0: Swinging Strike 0-1: Called Strike 0-2: Fly out, F7 (Flyball, 7LSF) | Batting: RHB Ira Martin | 0-0: Called Strike 0-1: SOLO HOME RUN (Line Drive, 78XD), Distance : 386 ft | Batting: LHB Thierry Dufresne | 0-0: SINGLE (Line Drive, 56D) | Batting: SHB Lucas Bentley | 0-0: Called Strike 0-1: Foul Ball, location: 2F 0-2: Ball 1-2: Fly out, F8 (Line Drive, 78M) | Batting: RHB James Bennett | 0-0: Called Strike Thierry Dufresne steals 2nd base 0-1: Ball 1-1: Called Strike 1-2: Foul Ball, location: 2F 1-2: Fly out, F7 (Flyball, 78M) | Top of the 6th over - 1 run, 2 hits, 0 errors, 1 left on base; Evans HS 5 - Fresno HS 9 | BOTTOM OF THE 6TH |
---|
Fresno HS Red Wings batting - Pitching for Evans HS Knights : RHP Steve De Los Santos | Batting: RHB Steven Springer | 0-0: Foul Ball, location: 2F 0-1: Ball 1-1: Ball 2-1: Swinging Strike 2-2: Ball 3-2: Base on Balls | Batting: SHB Xavier Stout | 0-0: Called Strike 0-1: Called Strike 0-2: Ball 1-2: Ball 2-2: Foul Ball, location: 2F 2-2: Foul Ball, location: 2F 2-2: DOUBLE (Line Drive, 78D) Steven Springer to third | Batting: RHB Bob Howard | 0-0: Intentional Walk | Batting: RHB José Cómpoz | 0-0: Ball 1-0: Ball 2-0: Ball 3-0: Base on Balls Steven Springer scores Xavier Stout to third Bob Howard to second | Batting: RHB Chris Myers | 0-0: Called Strike 0-1: Grounds into fielders choice 1-2 (Groundball, 13) Bob Howard to third José Cómpoz to second | Batting: RHB Luis Mata | 0-0: Called Strike 0-1: Foul Ball, location: 2F 0-2: Strikes out swinging | Batting: RHB Adrián Velásquez | 0-0: Ball 1-0: Called Strike 1-1: Ball 2-1: Ball 3-1: Swinging Strike Passed Ball! Bob Howard scores José Cómpoz to third Chris Myers to second 3-2: Base on Balls | Batting: RHB Mike Peterson | 0-0: Ball 1-0: Foul Ball, location: 2F 1-1: Ball 2-1: Ball Wild Pitch! José Cómpoz scores Chris Myers to third Adrián Velásquez to second 3-1: Base on Balls | Batting: RHB Harry Payne | 0-0: Ball 1-0: Swinging Strike 1-1: Ball 2-1: Swinging Strike 2-2: Strikes out looking | Bottom of the 6th over - 3 runs, 1 hit, 0 errors, 3 left on base; Evans HS 5 - Fresno HS 12 | TOP OF THE 7TH |
---|
Evans HS Knights batting - Pitching for Fresno HS Red Wings : RHP Tracy O'Cannahan | Batting: RHB Deron Rolen | 0-0: Ball 1-0: Swinging Strike 1-1: Swinging Strike 1-2: Strikes out swinging | Batting: RHB Scott Wells | 0-0: Foul Ball, location: 2F 0-1: Ball 1-1: Swinging Strike 1-2: Ball 2-2: Foul Ball, location: 2F 2-2: Ground out 5-3 (Groundball, 25) | Batting: RHB Tom Proctor | 0-0: Ball 1-0: Called Strike 1-1: Ball 2-1: Foul Ball, location: 2F 2-2: Strikes out swinging, 2-3 out at first. | Top of the 7th over - 0 runs, 0 hits, 0 errors, 0 left on base; Evans HS 5 - Fresno HS 12 | BOTTOM OF THE 7TH |
---|
Fresno HS Red Wings batting - Pitching for Evans HS Knights : RHP Steve De Los Santos | Pitching: LHP Jim Hayes | | Batting: RHB Steven Springer | 0-0: Ball 1-0: Ball 2-0: Ball 3-0: Called Strike 3-1: Foul Ball, location: 2F 3-2: Base on Balls | Batting: SHB Xavier Stout | 0-0: Ball 1-0: Called Strike 1-1: Fly out, F9 (Flyball, 9D) | Batting: RHB Bob Howard | 0-0: Ball 1-0: Ball 2-0: Ball 3-0: Base on Balls Steven Springer to second | Batting: RHB José Cómpoz | 0-0: Ball 1-0: SINGLE (Line Drive, 34D) Steven Springer to third Bob Howard to second | Batting: RHB Chris Myers | 0-0: Foul Ball, location: 2F 0-1: Swinging Strike 0-2: Reached on error, E6 (Groundball, 6MS) Steven Springer scores Bob Howard to third José Cómpoz to second | Batting: RHB Luis Mata | 0-0: Called Strike 0-1: Foul Ball, location: 2F 0-2: Strikes out swinging | Batting: RHB Adrián Velásquez | 0-0: Swinging Strike 0-1: Ball 1-1: Swinging Strike 1-2: Foul Ball, location: 2F 1-2: Ball 2-2: Ball 3-2: Foul Ball, location: 2F 3-2: Strikes out swinging | Bottom of the 7th over - 1 run, 1 hit, 1 error, 3 left on base; Evans HS 5 - Fresno HS 13 | TOP OF THE 8TH |
---|
Evans HS Knights batting - Pitching for Fresno HS Red Wings : RHP Tracy O'Cannahan | Batting: RHB Gerald Hayes | 0-0: Swinging Strike 0-1: Swinging Strike 0-2: Ball 1-2: Ball 2-2: Ball 3-2: Foul Ball, location: 2F 3-2: Base on Balls | Pitching: RHP Ronald Simmons | | Batting: SHB Powell Phillips | 0-0: Foul Ball, location: 2F 0-1: Ball 1-1: Called Strike 1-2: Ball 2-2: Ball 3-2: Foul Ball, location: 2F 3-2: Base on Balls Gerald Hayes to second | Batting: RHB Ira Martin | 0-0: Ball 1-0: Ball 2-0: Ball 3-0: Foul Ball, location: 2F 3-1: Foul Ball, location: 2F 3-2: Foul Ball, location: 2F 3-2: Foul Ball, location: 2F 3-2: Base on Balls Gerald Hayes to third Powell Phillips to second | Batting: LHB Thierry Dufresne | 0-0: Ball 1-0: Foul Ball, location: 2F 1-1: Fielders Choice at 2nd, 4-6 (Groundball, 4) Gerald Hayes scores Powell Phillips to third | Batting: SHB Lucas Bentley | 0-0: SINGLE (Line Drive, 89S) Powell Phillips scores Thierry Dufresne to second Runner from 2nd tries for 3rd, SAFE, throw made to third | Batting: RHB James Bennett | 0-0: Swinging Strike 0-1: Grounds into double play, 5-4-3 (Groundball, 56) | Top of the 8th over - 2 runs, 1 hit, 0 errors, 1 left on base; Evans HS 7 - Fresno HS 13 | BOTTOM OF THE 8TH |
---|
Fresno HS Red Wings batting - Pitching for Evans HS Knights : LHP Jim Hayes | Batting: RHB Mike Peterson | 0-0: Ball 1-0: Called Strike 1-1: Ball 2-1: Ball 3-1: Base on Balls | Pitching: RHP Mark Houcke | | Batting: RHB Harry Payne | 0-0: Ball 1-0: Foul Ball, location: 2F 1-1: Ball Wild Pitch! Mike Peterson to second 2-1: Foul Ball, location: 2F 2-2: Strikes out swinging | Batting: RHB Steven Springer | 0-0: Fly out, F7 (Flyball, 7LSF) | Batting: SHB Xavier Stout | 0-0: Ball 1-0: Ball 2-0: Called Strike 2-1: Ball 3-1: 2-RUN HOME RUN (Flyball, 89XD), Distance : 383 ft | Batting: RHB Bob Howard | 0-0: Called Strike 0-1: Called Strike 0-2: Ball 1-2: Foul Ball, location: 2F 1-2: Ground out 5-3 (Groundball, 5) | Bottom of the 8th over - 2 runs, 1 hit, 0 errors, 0 left on base; Evans HS 7 - Fresno HS 15 | TOP OF THE 9TH |
---|
Evans HS Knights batting - Pitching for Fresno HS Red Wings : RHP Ronald Simmons | Batting: RHB Deron Rolen | 0-0: Ball 1-0: Swinging Strike 1-1: Ball 2-1: Ball 3-1: Called Strike 3-2: Base on Balls | Batting: RHB Scott Wells | 0-0: Grounds into double play, 5-4-3 (Groundball, 56) | Batting: RHB Tom Proctor | 0-0: Fly out, F8 (Flyball, 78M) | Top of the 9th over - 0 runs, 0 hits, 0 errors, 0 left on base; Evans HS 7 - Fresno HS 15 | | Saturday, December 16th, 2017 - OOTP Baseball 18.8 Build 76 | |